 Dungeon Crawl Stone Soup version 0.19.5 (webtiles) character file.

49 Gargoyl the Skirmisher (level 3, 0/33 HPs)
             Began as a Ghoul Abyssal Knight on May 7, 2017.
             Was a Believer of Lugonu.
             Slain by a gnoll
             ... wielding a +0 halberd
              (7 damage)
             ... on level 3 of the Dungeon.
             The game lasted 00:03:22 (982 turns).

Gargoyl the Skirmisher (Ghoul Abyssal Knight)        Turns: 982, Time: 00:03:23

Health: 0/33       AC:  8    Str: 15    XL:     3   Next: 75%
Magic:  3/3        EV:  6    Int: 10    God:    Lugonu [**....]
Gold:   211        SH:  0    Dex: 13    Spells: 0 memorised, 2 levels left

rFire  + . .     SeeInvis .     a - +1 hand axe
rCold  + . .     Gourm    .     n - +0 chain mail
rNeg   + + +     Faith    .     (no shield)
rPois  ∞         Spirit   .     (no helmet)
rElec  .         Reflect  .     (no cloak)
rCorr  .         Harm     .     (no gloves)
MR     .....                    (no boots)
Stlth  ..........               (no amulet)
                                e - ring of flight
                                g - ring "Lemyij" {rF+ Int+3 Dex+4}

@: rotting
A: rotting body, claws 1, carnivore 3, cold resistance 1, negative energy
resistance 3, slow regeneration 1, torment resistance, unbreathing
a: Depart the Abyss, Bend Space, Renounce Religion, Evoke Flight


You were on level 3 of the Dungeon.
You worshipped Lugonu.
Lugonu was pleased with you.
You were not hungry.

You visited 1 branch of the dungeon, and saw 3 of its levels.
You visited the Abyss 1 time.

You collected 211 gold pieces.

Inventory:

Hand Weapons
 a - a +1 hand axe (weapon)
 p - a +0 short sword
Armour
 n - a +0 chain mail (worn)
Jewellery
 e - a ring of flight (right claw)
 g - the ring "Lemyij" (left claw) {rF+ Int+3 Dex+4}
   (You found it on level 2 of the Abyss)

   [ring of dexterity]

   It affects your intelligence (+3).
   It affects your dexterity (+4).
   It protects you from fire.
Wands
 d - a wand of lightning (8/15)
Scrolls
 b - a scroll of identify {unknown}
 h - a scroll of enchant weapon {unknown}
 l - a scroll of enchant armour {unknown}
 q - a scroll of amnesia {unknown}
 r - a scroll of teleportation {unknown}
Potions
 i - a potion of haste {unknown}
 j - a potion of degeneration {unknown}
 k - 3 potions of curing {unknown}
 m - a potion of brilliance {unknown}
 s - a potion of cancellation {unknown}
Comestibles
 c - a meat ration
 f - a slice of pizza
 o - 7 chunks of flesh


   Skills:
 + Level 3.7 Fighting
 + Level 2.2 Axes
 * Level 2.6 Armour
 + Level 0.8 Dodging
 * Level 2.4 Invocations


You had 2 spell levels left.
You didn't know any spells.

Dungeon Overview and Level Annotations

Branches:
Dungeon (3/15)

Altars:


Innate Abilities, Weirdness & Mutations

Your body is rotting away.
You thrive on raw meat.
You are immune to poison.
You have sharp fingernails.
You are carnivorous and can eat meat at any time.
Your flesh is cold resistant. (rC+)
You are immune to negative energy. (rN+++)
You regenerate slowly when monsters are visible.
You are immune to unholy pain and torment.
You can survive without breathing.


Message History

You hit the gnoll.
The gnoll is moderately wounded.
The gnoll hits you with a halberd!
You hit the gnoll.
The gnoll is heavily wounded.
The gnoll barely misses you.
You closely miss the gnoll.
The gnoll is heavily wounded.
The gnoll hits you with a halberd.
You hit the gnoll but do no damage.
The gnoll is heavily wounded.
The gnoll barely misses you.
You hit the gnoll but do no damage.
The gnoll is heavily wounded.
The gnoll hits you with a halberd!
* * * LOW HITPOINT WARNING * * *
Your chain mail prevents you from hitting the gnoll.
The gnoll is heavily wounded.
The gnoll hits you with a halberd!
You die...

.#.#.##.#..##.
?............
.........#..######
..................
..................
.................
......#...........
....#.#...........
..%.....@)........
.........g........
............$.....
..................
$.................
..................
..................
..................


You could see a gnoll.

Vanquished Creatures
  A gnoll (D:3)
  2 dart slugs
  A leopard gecko (D:2)
  2 giant cockroaches (D:1)
  5 goblins (D:1)
  6 hobgoblins
  6 kobolds (D:1)
  3 bats (D:1)
  3 frilled lizards
  3 rats (D:1)
32 creatures vanquished.

Notes
Turn   | Place    | Note
-------+----------+-------------------------------------------
     0 | Abyss:1  | Gargoyl the Ghoul Abyssal Knight began the quest for the Orb.
     0 | Abyss:1  | Reached XP level 1. HP: 19/19 MP: 1/1
    26 | Abyss:2  | Got a wavering brass ring
    27 | Abyss:2  | Identified the ring "Lemyij" {rF+ Int+3 Dex+4} (You found it on level 2 of the Abyss)
    57 | Abyss:2  | Noticed a neqoxec
    57 | D:1      | Escaped the Abyss
   122 | D:1      | Reached * piety under Lugonu
   254 | D:1      | Reached XP level 2. HP: 17/26 MP: 2/2
   677 | D:1      | Reached XP level 3. HP: 30/31 MP: 3/3
   879 | D:2      | Reached ** piety under Lugonu
   982 | D:3      | Slain by a gnoll

Skill      XL: |  1  2 |
---------------+-------+-----
Armour         | 2 |  2.6
Axes           | 2 |  2.2
Fighting       | |  3.7
Dodging        | |  0.8
Invocations    | |  2.4

Action                   || total
-------------------------++-------
Melee: Hand axe          ||   135
Invok: Depart the Abyss  ||     1
  Use: Scroll            ||     1
  Eat: Chunk             ||    20
Armor: Leather armour    ||    10
       Chain mail        ||    93
Dodge: Dodged            ||    68
